 Dungeon Crawl Stone Soup version 0.30-a0-830-gfe289a77b0 (webtiles) character file.

Game seed: 14275735878113144709

2296 retardedninja the Blocker (level 9, -4/74 HPs)
             Began as a Gnoll Fighter on Feb 28, 2023.
             Was an Initiate of Gozag.
             Slain by an orc warrior
             ... wielding a +0 halberd
              (10 damage)
             ... in a bailey.
             The game lasted 00:07:42 (6827 turns).

retardedninja the Blocker (Gnoll Fighter)           Turns: 6827, Time: 00:07:43

Health: -4/74      AC: 17    Str: 20    XL:     9   Next: 40%
Magic:  15/15      EV:  7    Int:  8    God:    Gozag
Gold:   727        SH:  5    Dex: 11    Spells: 16/16 levels left

rFire   . . .      SeeInvis .    b - +6 mace (freeze)
rCold   . . .      Faith    .    c - +0 buckler
rNeg    . . .      Spirit   .    o - +0 plate armour
rPois   .          Reflect  .    n - +0 helmet
rElec   .          Harm     .    m - +0 cloak
rCorr   .          Rampage  .    r - +0 pair of gloves
Will    .....                    (no boots) Stlth
                                 (no amulet)
HPRegen 0.32/turn                (no ring)
MPRegen 0.14/turn                (no ring)

@: mighty, gold aura
A: fangs 1, strong nose, distributed training
a: Renounce Religion, Potion Petition, Call Merchant, Bribe Branch


You were in a bailey.
You worshipped Gozag.
Gozag was pleased with you.
You visited 2 branches of the dungeon, and saw 8 of its levels.
You also visited: Ossuary and Bailey.

You collected 814 gold pieces.
You paid 87 gold pieces to Gozag.

Inventory:

Hand Weapons
 b - a +6 mace of freezing (weapon)
Missiles
 p - 4 boomerangs (quivered)
Armour
 c - a +0 buckler (worn)
 m - a +0 cloak (worn)
 n - a +0 helmet (worn)
 o - a +0 plate armour (worn)
 r - a +0 pair of gloves (worn)
Wands
 q - a wand of flame (10)
Scrolls
 e - 2 scrolls of amnesia
 f - 6 scrolls of teleportation
 g - a scroll of poison
 j - 2 scrolls of magic mapping {unknown}
 l - a scroll of brand weapon
 t - a scroll of silence {unknown}
 u - 3 scrolls of identify
 v - 2 scrolls of acquirement {unknown}
Potions
 a - a potion of attraction
 i - 2 potions of cancellation
 k - a potion of might
 s - a potion of degeneration {unknown}
 w - 2 potions of curing {unknown}


   Skills:
 + Level 8.0 Fighting
 + Level 4.3 Short Blades
 + Level 4.3 Long Blades
 + Level 4.3 Axes
 + Level 6.4 Maces & Flails
 + Level 4.3 Polearms
 + Level 4.3 Staves
 + Level 4.3 Ranged Weapons
 + Level 4.3 Throwing
 + Level 8.0 Armour
 + Level 4.3 Dodging
 + Level 4.3 Stealth
 + Level 8.0 Shields
 + Level 4.3 Unarmed Combat
 + Level 4.3 Spellcasting
 + Level 3.6 Conjurations
 + Level 3.6 Hexes
 + Level 3.6 Summonings
 + Level 3.6 Necromancy
 + Level 3.6 Translocations
 + Level 3.6 Transmutations
 + Level 3.6 Fire Magic
 + Level 3.6 Ice Magic
 + Level 3.6 Air Magic
 + Level 3.6 Earth Magic
 + Level 3.6 Poison Magic
 + Level 4.8 Invocations
 + Level 4.3 Evocations


You had 16 spell levels left.
You didn't know any spells.
Your spell library contained the following spells:

 Spells                   Type           Power      Damage    Failure   Level
 Apportation              Tloc           14%        N/A       85%         1
 Kiss of Death            Conj/Necr      28%        2d7       85%         1
 Necrotise                Necr           28%        1d5       85%         1
 Summon Small Mammal      Summ           28%        N/A       85%         1
 Sublimation of Blood     Necr           7%         N/A       94%         2
 Wereblood                Tmut           7%         N/A       94%         2
 Confusing Touch          Hex            7%         N/A       99%         3
 Dispel Undead            Necr           7%         3d8       100%        4
 Summon Hydra             Summ           3%         N/A       100%        7


Dungeon Overview and Level Annotations

Branches:
Dungeon (7/15)             Temple (1/1) D:6         Ossuary (visited)
 Bailey (1/1)

Altars:
Ashenzari
Cheibriados
Elyvilon
Fedhas
Gozag
Hepliaklqana
Kikubaaqudgha
Nemelex Xobeh
Okawaru
Qazlal
Ru
Sif Muna
Trog
Uskayaw
Wu Jian
Xom
Yredelemnul
Zin

Shops:
D:1 *

Annotations:
D:2 1 runed translucent door, Crazy Yiuf


Innate Abilities, Weirdness & Mutations

You have very sharp teeth.
Your uncanny sense of smell can sniff out nearby items.
Your experience applies equally to all skills.


Message History

The orc warrior hits you from afar with a +0 glaive.
The orc warrior hits you from afar with a +0 trident.
The orc warrior barely misses you.
The orc warrior attacks as you move away!
The orc warrior hits you with a +3 glaive!
* * * LOW HITPOINT WARNING * * *
The orc warrior closely misses you.
The orc complains repeatedly, as Orcs often do.
You block the orc's attack.
You feel much better. You block the orc warrior's attack.
You block the orc's attack.
The orc hits you from afar with a +0 halberd.
Read: scroll of fear
Press: ? - help, Q - select action, (/) - cycle Dir - look around, f - activate Look: an orc, wielding a +0 halberd (chance to affect: 99%)
As you read the scroll of fear, it crumbles to dust.
You assume a fearsome visage.
The orc warrior looks frightened!
The orc warrior easily resists.
The orc warrior looks frightened!
The orc looks frightened! x3
There is an open door here.
You feel very mighty all of a sudden.
The orc warrior hits you from afar with a +0 glaive.
The orc warrior barely misses you.
The orc warrior hits you with a +0 halberd!
* * * LOW HITPOINT WARNING * * *
There is an open door, spattered with blood here.
You sock the orc warrior! You freeze the orc warrior.
The orc warrior is moderately wounded.
The orc warrior barely misses you.
The orc warrior hits you with a +0 glaive!
* * * LOW HITPOINT WARNING * * *
The orc warrior hits you with a +0 halberd.
* * * LOW HITPOINT WARNING * * *
You thump the orc warrior! You freeze the orc warrior.
You kill the orc warrior!
The orc warrior hits you but does no damage.
The orc warrior hits you with a +0 halberd!
You die...
Your body crumbles into a pile of gold.

#..#8#..#
#.o...o.#
#.....#
##'##
#...#
#...#
#.o.#
#o$.#
###@###
##.....##
#.......#
#......)#
#..).)).#
#..#.#))#
#.##8##)#
#..#.#..#
#.......#


You could see 2 orc warriors.

Vanquished Creatures
  Sigmund (D:4)
  A steam dragon (D:5)
  An acid dragon (D:6)
  4 orc warriors
  2 black bears
  3 ogres (D:5)
  A phantom (D:7)
  2 elf zombies (Ossuary)
  A kobold brigand (D:6)
  A scorpion (D:6)
  A howler monkey (D:6)
  6 orc priests
  2 human zombies (Ossuary)
  A gnoll bouda (D:6)
  2 iguanas
  An orc wizard (D:6)
  Terence (D:3)
  3 hound zombies (Ossuary)
  4 mummies
  9 adders
  10 gnolls
  A white imp (D:5)
  3 adder zombies (Ossuary)
  4 dart slugs
  14 orcs
  5 endoplasms
  2 giant cockroaches
  5 gnoll zombies (Ossuary)
  15 goblins
  8 hobgoblins
  30 kobolds
  2 quokkas
  4 ball pythons
  6 bats
  6 frilled lizards
  4 goblin zombies (Ossuary)
  8 hobgoblin zombies (Ossuary)
  A jackal zombie (Ossuary)
  2 kobold zombies (Ossuary)
  4 quokka zombies (Ossuary)
  6 rats (D:1)
  A rat zombie (Ossuary)
188 creatures vanquished.

Vanquished Creatures (others)
  6 plants (D:6)
6 creatures vanquished.

Grand Total: 194 creatures vanquished

Notes
Turn   | Place    | Note
-------+----------+-------------------------------------------
     0 | D:1      | retardedninja the Gnoll Fighter began the quest for the
                  | Orb.
     0 | D:1      | Reached XP level 1. HP: 23/23 MP: 1/1
    91 | D:1      | Reached XP level 2. HP: 28/29 MP: 2/2
   262 | D:1      | Reached XP level 3. HP: 35/35 MP: 3/3
   407 | D:1      | Found Ristug's Assorted Antiques.
   462 | D:1      | Reached skill level 1 in Invocations
   744 | D:2      | Identified the +4 hammer "Beetle's Death" {freeze, *Corrode
                  | +Blink Str+3}
   827 | D:2      | Reached skill level 1 in Short Blades
   827 | D:2      | Reached skill level 1 in Long Blades
   827 | D:2      | Reached skill level 1 in Axes
   827 | D:2      | Reached skill level 1 in Polearms
   827 | D:2      | Reached skill level 1 in Staves
   827 | D:2      | Reached skill level 1 in Ranged Weapons
   827 | D:2      | Reached skill level 1 in Throwing
   827 | D:2      | Reached skill level 1 in Dodging
   827 | D:2      | Reached skill level 1 in Stealth
   827 | D:2      | Reached skill level 1 in Unarmed Combat
   827 | D:2      | Reached skill level 1 in Spellcasting
   827 | D:2      | Reached skill level 1 in Evocations
   974 | D:2      | Found a broken altar of Ashenzari.
   978 | D:2      | Reached XP level 4. HP: 41/41 MP: 5/5
  1099 | D:2      | You fall into a shaft and drop 2 floors!
  1309 | D:3      | Reached skill level 1 in Conjurations
  1309 | D:3      | Reached skill level 1 in Hexes
  1309 | D:3      | Reached skill level 1 in Summonings
  1309 | D:3      | Reached skill level 1 in Necromancy
  1309 | D:3      | Reached skill level 1 in Translocations
  1309 | D:3      | Reached skill level 1 in Transmutations
  1309 | D:3      | Reached skill level 1 in Fire Magic
  1309 | D:3      | Reached skill level 1 in Ice Magic
  1309 | D:3      | Reached skill level 1 in Air Magic
  1309 | D:3      | Reached skill level 1 in Earth Magic
  1309 | D:3      | Reached skill level 1 in Poison Magic
  1364 | D:3      | Found a sacrificial altar of Ru.
  1454 | D:2      | Found a runed translucent door.
  1455 | D:2      | Noticed Crazy Yiuf
  1977 | D:3      | Noticed Terence
  1994 | D:3      | Killed Terence
  1995 | D:3      | Reached XP level 5. HP: 47/47 MP: 7/7
  2609 | D:4      | Noticed Sigmund
  2625 | D:4      | Killed Sigmund
  2626 | D:4      | Reached skill level 5 in Maces & Flails
  2626 | D:4      | Reached XP level 6. HP: 47/53 MP: 7/9
  2804 | D:4      | Identified the +2 robe of the Pirate {Regen+ Str+3 SInv}
  2985 | D:5      | Entered Level 5 of the Dungeon
  3118 | D:5      | Reached XP level 7. HP: 21/60 MP: 10/10
  3299 | D:5      | Noticed a steam dragon
  3306 | D:5      | Killed a steam dragon
  3443 | D:5      | Found a sand-covered staircase.
  3458 | Ossuary  | Entered an ossuary
  3529 | Ossuary  | Reached XP level 8. HP: 61/67 MP: 12/12
  3853 | D:5      | Found a broken altar of Ashenzari.
  3912 | D:5      | Found an opulent altar of Gozag.
  3920 | D:5      | Became a worshipper of Gozag Ym Sagoz the Greedy
  5311 | D:6      | Reached XP level 9. HP: 73/73 MP: 14/14
  5375 | D:6      | Found a staircase to the Ecumenical Temple.
  5610 | Temple   | Entered the Ecumenical Temple
  6532 | D:7      | Found a flagged portal.
  6705 | Bailey   | Entered a bailey
  6827 | Bailey   | Slain by an orc warrior

Illustrated notes

Levels and vault maps discovered:
D:1:      lordsloth_arrival_two_stooges, layout_rooms, serial_shops, shop,
          minivault_5, minivault_23
D:2:      layout_loops_ring, basic_altar, serial_aquarium,
          aquarium_bridge_straight [aquarium_subvault_bridge,
          aquarium_subvault_wall, aquarium_subvault_bridge,
          aquarium_subvault_window], aquarium_window_corridor_1,
          aquarium_window_2, aquarium_view_2d, aquarium_balcony_5b,
          uniq_crazy_yiuf_cottage
D:3:      layout_rooms, nicolae_ru_awakened_eye, chequers_serial_rivers_small_a,
          uniq_terence
D:4:      layout_basic, minmay_misc_feat_diagonals, uniq_sigmund
D:5:      layout_gridville, lemuel_round_altar, grunt_gozag_breadcrumbs,
          gup_ossuary_entry_pyramid, minmay_pentangle
D:6:      kennysheep_kobold_camp, layout_basic, minmay_temple_entry_grid,
          kb_rosetta
D:7:      layout_basic, nicolae_dithmenos_the_darkroom, enter_bailey_5,
          uniq_joseph, uniq_menkaure
Temple:   nicolae_temple_bog_church
Bailey:   bailey_polearm_5, bailey

Skill      XL: |  1  2  3  4  5  6  7  8  9 |
---------------+----------------------------+-----
Invocations    | 1 2 3 4 |  4.8
Short Blades   | 1 2 3 4 |  4.3
Long Blades    | 1 2 3 4 |  4.3
Axes           | 1 2 3 4 |  4.3
Polearms       | 1 2 3 4 |  4.3
Staves         | 1 2 3 4 |  4.3
Ranged Weapons | 1 2 3 4 |  4.3
Throwing       | 1 2 3 4 |  4.3
Dodging        | 1 2 3 4 |  4.3
Stealth        | 1 2 3 4 |  4.3
Unarmed Combat | 1 2 3 4 |  4.3
Spellcasting   | 1 2 3 4 |  4.3
Evocations     | 1 2 3 4 |  4.3
Conjurations   | 1 2 3 |  3.6
Hexes          | 1 2 3 |  3.6
Summonings     | 1 2 3 |  3.6
Necromancy     | 1 2 3 |  3.6
Translocations | 1 2 3 |  3.6
Transmutations | 1 2 3 |  3.6
Fire Magic     | 1 2 3 |  3.6
Ice Magic      | 1 2 3 |  3.6
Air Magic      | 1 2 3 |  3.6
Earth Magic    | 1 2 3 |  3.6
Poison Magic   | 1 2 3 |  3.6
Maces & Flails | 5 6 |  6.4
Fighting       | 7 8 |  8.0
Armour         | 7 8 |  8.0
Shields        | 7 8 |  8.0

Action                     |  1- 3 |  4- 6 |  7- 9 || total
---------------------------+-------+-------+-------++-------
  Melee: Flail             |    94 |   102 |       ||   196
         Bite              |     9 |    14 |    33 ||    56
         Mace              |       |    58 |   331 ||   389
  Throw: Boomerang         |       |     4 |       ||     4
    Use: Potion            |       |     5 |     4 ||     9
         Scroll            |       |     5 |     4 ||     9
 Armour: Scale mail        |    40 |     4 |       ||    44
         Plate armour      |       |    98 |   289 ||   387
         Skin              |       |     9 |       ||     9
  Dodge: Dodged            |    48 |    41 |   143 ||   232
  Block: Buckler           |    21 |    48 |   130 ||   199

Table legend: (Time is in decaauts)
 A = Elapsed time spent in this place.
 B = Non-inter-level travel time spent in this place.
 C = Inter-level travel time spent in this place.
 D = Time resting spent in this place.
 E = Time spent auto-exploring this place.
 F = Levels seen in this place.
 G = Mean time per level.
                   A        B        C        D        E       F      G
               +--------+--------+--------+--------+--------+-----+--------+
         Total |   6933 |   6707 |    226 |   1432 |   3841 |  10 |  693.3 |
       Dungeon |   6266 |   6054 |    212 |   1408 |   3543 |   7 |  895.1 |
        Temple |    179 |    165 |     14 |      0 |    152 |   1 |  179.0 |
       Ossuary |    362 |    362 |      0 |      0 |    141 |   1 |  362.0 |
        Bailey |    124 |    124 |      0 |     24 |      4 |   1 |  124.0 |
               +--------+--------+--------+--------+--------+-----+--------+

Top non-repeatable levels by time:
     D:6: 1704 daAuts
     D:5: 1347 daAuts
     D:2: 911 daAuts
     D:4: 751 daAuts
     D:1: 723 daAuts
     D:3: 647 daAuts
 Ossuary: 362 daAuts
  Temple: 179 daAuts
     D:7: 179 daAuts
  Bailey: 124 daAuts
